[Event "Early-Titled-Tuesday-Blitz-October-03-2023"]
[Site "Chess.com"]
[Date "2023.10.03"]
[Round "8"]
[White "deribas12345"]
[Black "RobertoJBM"]
[Result "1-0"]
[WhiteElo "2593"]
[BlackElo "2783"]
[TimeControl "180+1"]
[EndTime "9:30:18 PDT"]
[Termination "deribas12345 won on time"]

1. d4 d5 2. c4 c6 3. Nf3 Nf6 4.
g3 dxc4 5. Bg2 b5 6. O-O Bb7 7. a4 a6 8. Ne5 e6 9. b3 cxb3 10. Qxb3 Be7 11. Nc3 Nd5 12. axb5 cxb5 13. Nxb5 axb5 14.
Qxb5+ Nd7 15. Bd2 Rb8 16. Ba5 Ba8 17. Bxd8 Rxb5 18. Rxa8 Bxd8 19. Nc6 O-O 20. Rxd8 Rxd8 21.
Nxd8 Nc3 22. Bf3 Rb2 23. Rc1 Nxe2+ 24. Bxe2 Rxe2 25. Rc8 Nf8 26. Nc6 g6 27. Ne5 Kg7 28. Rc7 Rd2 29. Rxf7+ Kg8 30. Rf4 Kg7 31. h4 h6 32. Kf1 g5 33. hxg5 hxg5 34. Re4 Kf6 35. Ke1 Ra2 36. Ng4+ Ke7 37. d5 Ra5 38. Ne3 Kf6 39.
d6 Nd7 40. Rc4 Ra6 41. Rd4 Ne5 42. d7 Nf3+ 43. Kf1 Nxd4 44. d8=Q+ Ke5 45. Qh8+ Ke4 46. Qf6 Nf3 47. Qg6+ Ke5 48. Kg2 g4 49. Qxg4 1-0

[Event "Early-Titled-Tuesday-Blitz-October-03-2023"]
[Site "Chess.com"]
[Date "2023.10.03"]
[Round "8"]
[White "koncheto"]
[Black "Ranindu2003"]
[Result "1-0"]
[WhiteElo "2551"]
[BlackElo "2710"]
[TimeControl "180+1"]
[EndTime "9:30:18 PDT"]
[Termination "koncheto won by resignation"]

1. e4 c5 2. Nf3 Nc6 3. d4 cxd4 4. Nxd4 Nf6 5. Nc3 e5 6. Ndb5 d6 7. Bg5 a6 8. Na3 b5 9. Nd5 Be7 10. Bxf6 Bxf6 11. c4 b4 12. Nc2 a5 13. Be2 g6 14.
O-O Bg7 15. Qd3 O-O 16. Rad1 Be6 17. Nde3 Qb6 18. Kh1 Rad8 19. g3 f5 20. Nd5 Qa7 21. Bf3 f4 22. a3 bxa3 23. Nxa3 g5 24. Nb5 Qf7 25. g4 h5 26. h3 hxg4 27. hxg4 Kh7 28. Kg2 Kg6 29. Rh1 Qd7 30. Qe2 Nd4 31. Rxd4 exd4 32. e5 dxe5 33. Qd3+ Kf7 34. Be4 Rh8 35. Bg6+ Kg8 36. Bh7+ Kf8 37. Nbc7 Bxg4 38. Qg6 Qf7 39. Qxg5 Qd7 40. Nb6 Qc6+ 41. Nbd5 Qd7 42. Rh4 Be2 43. Bf5 Qd6 44. Rxh8+ Bxh8 45. Ne6+ Ke8 46. Qg8+ Kd7 47. Qxd8+ Kc6 48. Ne7+ Kb7 49. Qxd6 1-0

[Event "Early-Titled-Tuesday-Blitz-October-03-2023"]
[Site "Chess.com"]
[Date "2023.10.03"]
[Round "8"]
[White "jaskol95"]
[Black "fabianvivasz"]
[Result "1-0"]
[WhiteElo "2629"]
[BlackElo "2458"]
[TimeControl "180+1"]
[EndTime "9:30:19 PDT"]
[Termination "jaskol95 won by checkmate"]

1. d4 d5 2. Nc3 Nf6 3. Bf4 e6 4. Nb5 Na6 5. e3 c6 6. Nc3 Bb4 7. Nf3 Ne4 8. Bxa6 Nxc3 9. Qd2 Qa5 10. a3 Qxa6 11. bxc3 Ba5 12. Bd6 Qc4 13. Bb4 Bc7 14. a4 a5 15. Ba3 b5 16. Qd3 Qxa4 17. Nd2 b4 18. Bb2 Qb5 19. cxb4 Qxd3 20. cxd3 Bb7 21. Nb3 axb4 22. Rxa8+ Bxa8 23. Kd2 Bd6 24. Ra1 Ke7 25.
Ra7+ Kf6 26. Nc5 Bxc5 27. dxc5+ Kg6 28. Kc2 Rb8 29. Kb3 Bb7 30. Be5 Ra8 31. Rxb7 Ra3+ 32.
Kxb4 Rxd3 33. Rc7 Rd2 34. Bg3 Rb2+ 35. Kc3 Ra2 36. Rxc6 h5 37. Rb6 Kf5 38. c6 Ra1 39. c7 Rc1+ 40. Kd2 Rc4 41. Rb8 h4 42. c8=Q Rxc8 43.
Rxc8 hxg3 44. hxg3 f6 45. Kd3 g5 46. f3 e5 47. g4+ Ke6 48. Rc6+ Kf7 49. Rd6 Ke7 50.
Rxd5 Ke6 51. e4 Kf7 52. Kc4 Kg6 53. Kc5 Kh6 54. Kd6 Kg6 55. Ke6 Kh6 56. Kxf6 Kh7 57.
Rd7+ Kh6 58. Rd8 Kh7 59. Rc8 Kh6 60. Rh8# 1-0

[Event "Early-Titled-Tuesday-Blitz-October-03-2023"]
[Site "Chess.com"]
[Date "2023.10.03"]
[Round "8"]
[White "hurricane7791"]
[Black "Defenstrator"]
[Result "1/2-1/2"]
[WhiteElo "2707"]
[BlackElo "2474"]
[TimeControl "180+1"]
[EndTime "9:30:21 PDT"]
[Termination "Game drawn by repetition"]

1. d4 e6 2. c4 Bb4+ 3. Nd2 Nf6 4. Nf3 Nc6 5. a3 Bf8 6. e4 d5 7. cxd5 exd5 8. e5 Ne4 9. Bd3 Bf5 10. Qc2 Nxd2 11.
Bxd2 Bxd3 12. Qxd3 g6 13. O-O Bg7 14. h4 h6 15. h5 g5 16. b4 g4 17. Nh2 Qh4 18.
b5 Ne7 19. Qg3 Qxh5 20. Nxg4 O-O-O 21. Rac1 Nf5 22. Qf4 Rhg8 23. e6 Nd6 24. Bb4 Kb8 25. Rxc7 Kxc7 26. Bxd6+ Kb6 27. Bc7+ Kxb5 28. Bxd8 Rxd8 29.
e7 Re8 30. Rb1+ Ka6 31. Qc7 b6 32. Qd7 Qg6 33. Qb5+ Kb7 34. Qxd5+ Qc6 35. Qxf7 Bxd4 36. Rd1 Bc5 37. Re1 Qd7 38. Nf6 Rxe7 39. Rxe7 Qxe7 40. Qd5+ Ka6 41. Ne4 Ka5 42. g3 Ka4 43. Qc4+ Kxa3 44.
Kg2 Qe5 45. Nd2 Qb2 46. Qd3+ Ka4 47. Qa6+ Kb4 48. Qc4+ Ka3 49. Qa6+ Kb4 50. Qc4+ Ka3 1/2-1/2

[Event "Early-Titled-Tuesday-Blitz-October-03-2023"]
[Site "Chess.com"]
[Date "2023.10.03"]
[Round "8"]
[White "temus_galaktionov"]
[Black "Jospem"]
[Result "1/2-1/2"]
[WhiteElo "2883"]
[BlackElo "3068"]
[TimeControl "180+1"]
[EndTime "9:30:23 PDT"]
[Termination "Game drawn - insufficient material"]

1. d4 Nf6 2. c4 e6 3. Nf3 Bb4+ 4. Nbd2 O-O 5. a3 Be7 6. e4 d6 7. Be2 Nfd7 8. b4 e5 9. Bb2 exd4 10. Nxd4 Bf6 11. Qc2 a5 12. O-O axb4 13. axb4 Rxa1 14. Rxa1 Nc6 15. Nxc6 bxc6 16. h3 Bxb2 17. Qxb2 Qg5 18. Nf3 Qg6 19. Bd3 c5 20. Ra7 cxb4 21. Qxb4 Nc5 22.
Bf1 Qxe4 23. Rxc7 Na6 24. Qxd6 Nxc7 25. Qxc7 Qb7 26. Qd6 Qd7 27. Qxd7 Bxd7 28. Nd2 Re8 29. f3 Kf8 30. Kf2 Bf5 31. h4 h6 32. g4 Bc2 33. f4 g6 34. g5 hxg5 35. hxg5 Bf5 36. Bg2 Bd3 37. Bf3 Re7 38. Kg3 Ke8 39. Bc6+ Kd8 40.
Bd5 Kc7 41. c5 Bf5 42. Nf3 Re3 43. Kf2 Rc3 44. Bxf7 Rc2+ 45. Ke3 Rc3+ 46. Kf2 Rc2+ 47. Ke3 Rxc5 48. Ne5 Kd6 49. Bxg6 Ke6 50. Bf7+ Ke7 51. Bc4 Kf8 52. Kd4 Rc7 53. Nf3 Bg4 54. Nh4 Rc8 55. f5 Kg7 56. f6+ Kh7 57. Bd3+ Kg8 58. g6 Rd8+ 59. Ke3 Be6 60. Nf5 Rxd3+ 61. Kxd3 Bxf5+ 62. Kd4 Bxg6 63. f7+ Kxf7 1/2-1/2

[Event "Early-Titled-Tuesday-Blitz-October-03-2023"]
[Site "Chess.com"]
[Date "2023.10.03"]
[Round "8"]
[White "Maxfan2008"]
[Black "crazy_m_attack"]
[Result "1-0"]
[WhiteElo "2567"]
[BlackElo "2402"]
[TimeControl "180+1"]
[EndTime "9:30:28 PDT"]
[Termination "Maxfan2008 won by checkmate"]

1. d4 Nf6 2. c4 e6 3. Nc3 d5 4.
cxd5 exd5 5. Bg5 Be7 6. e3 c6 7. Bd3 O-O 8. Qc2 Nbd7 9. h3 Re8 10. Nf3 Nf8 11. Bf4 Ng6 12. Bh2 Bd6 13. Bxd6 Qxd6 14.
O-O-O b5 15. Kb1 a5 16. Rc1 Bd7 17. g4 Rec8 18. g5 Nh5 19. Qe2 Qe7 20. Rhg1 Nf8 21.
Ne5 g6 22. f4 Ng7 23. h4 a4 24. Ka1 b4 25. Nd1 c5 26. dxc5 Rxc5 27. Nf2 Rac8 28. Rxc5 Qxc5 29. Nfg4 Bxg4 30. Nxg4 Nfe6 31. Nf6+ Kh8 32.
Qd2 Nxf4 33. Ba6 Rc6 34. Bb7 Rb6 35. Rc1 Nfe6 36. Rxc5 Nxc5 37. Qxd5 Nge6 38. Bc8 Rb8 39. Bxe6 Nxe6 40. Qe5 Rd8 41. Kb1 b3 42. axb3 axb3 43. Nd5+ Kg8 44. Nf6+ Kf8 45. Kc1 Rc8+ 46. Kd1 Rd8+ 47.
Ke1 Rc8 48. Nd5 Rc1+ 49. Kd2 Rc2+ 50. Kd1 Rg2 51. Qh8# 1-0

[Event "Early-Titled-Tuesday-Blitz-October-03-2023"]
[Site "Chess.com"]
[Date "2023.10.03"]
[Round "8"]
[White "igorkovalenko"]
[Black "Duhless"]
[Result "1-0"]
[WhiteElo "2890"]
[BlackElo "2967"]
[TimeControl "180+1"]
[EndTime "9:30:30 PDT"]
[Termination "igorkovalenko won on time"]

1. c4 Nf6 2. g3 e5 3. Bg2 Nc6 4. Nc3 Bb4 5. Nd5 O-O 6. Nf3 Re8 7. O-O a5 8. d3 h6 9. a3 Bf8 10. Nc3 d5 11. cxd5 Nxd5 12. Bd2 Nxc3 13. Bxc3 a4 14.
Rc1 Be6 15. Qe1 Bd5 16. e4 Bb3 17. Qe3 Qd7 18. d4 exd4 19. Bxd4 Rad8 20. Bc3 Qd3 21. Qxd3 Rxd3 22. Rfe1 Red8 23. Nh4 g6 24. Bf1 Rxc3 25. Rxc3 Rd2 26. Re2 Rd1 27. Kg2 Bg7 28. Rc5 Bd4 29.
Rxc6 bxc6 30. Nf3 c5 31. Rd2 Rxd2 32. Nxd2 Bc2 33. Bb5 Bxb2 34. Nc4 Bc1 35. f3 Bd3 36.
Kf2 c6 37. Ba6 Bxa3 38. Nxa3 Bxa6 39. Ke3 Kf8 40. f4 Ke7 41. Kd2 Kd6 42. Kc3 Bf1 43.
Nb1 Bg2 44. Nd2 Kc7 45. h4 h5 46. f5 gxf5 47. exf5 Kd6 48. Nc4+ Ke7 49. Ne5 Kf6 50. Nd3 1-0

[Event "Early-Titled-Tuesday-Blitz-October-03-2023"]
[Site "Chess.com"]
[Date "2023.10.03"]
[Round "8"]
[White "zverr1"]
[Black "karinachess1"]
[Result "1-0"]
[WhiteElo "2522"]
[BlackElo "2620"]
[TimeControl "180+1"]
[EndTime "9:30:32 PDT"]
[Termination "zverr1 won by checkmate"]

1. e4 e5 2. Nf3 Nc6 3. Bc4 Nf6 4. Ng5 d5 5. exd5 Na5 6. Bb5+ c6 7. dxc6 bxc6 8. Be2 h6 9. Nh3 Bd6 10. d3 O-O 11. Nc3 Bf5 12. Bf3 Qd7 13. Ng1 Nb7 14. Nge2 Rad8 15. Ng3 Be6 16. O-O Bc5 17. Qe2 Rfe8 18.
Nce4 Be7 19. Nxf6+ Bxf6 20. Be3 Nd6 21. Bc5 Bd5 22.
Bxd6 Qxd6 23. Be4 Qd7 24. Rfe1 g6 25. Qf3 Bg7 26. c4 Bxe4 27. dxe4 Qb7 28. b3 Rd2 29.
Nf1 Rd4 30. Rad1 Red8 31. Rxd4 Rxd4 32. Qc3 Qd7 33. Re2 Rd1 34. Rd2 Rxd2 35. Qxd2 Qc7 36.
Ne3 Kh7 37. g3 h5 38. h4 Bh6 39. Kg2 Qb6 40. Kf3 Qc5 41. Qe2 Qa3 42. Nf1 Qc1 43. Kg2 Qb1 44. Nh2 Qc1 45. Nf3 Qc3 46. Ne1 Qc1 47. Nd3 Qc3 48. Qf3 Kg7 49. Nc5 Qd4 50. Na6 Bd2 51. Nc7 Qd6 52. Ne8+ Kf8 53. Nxd6 Ke7 54.
Qxf7+ Kxd6 55. Qxg6+ Kc5 56. Qxh5 Kd4 57. Qe2 Bc3 58.
Qe3# 1-0

[Event "Early-Titled-Tuesday-Blitz-October-03-2023"]
[Site "Chess.com"]
[Date "2023.10.03"]
[Round "8"]
[White "Orest_Vovk"]
[Black "Kopytkin"]
[Result "0-1"]
[WhiteElo "2501"]
[BlackElo "2402"]
[TimeControl "180+1"]
[EndTime "9:30:34 PDT"]
[Termination "Kopytkin won by resignation"]

1. h4 d5 2. h5 e5 3. h6 g6 4. d4 e4 5. Bf4 Bd6 6. Bxd6 Qxd6 7. a3 Nf6 8. e3 O-O 9. c4 c5 10. Nc3 cxd4 11. Qxd4 Nc6 12. Qd2 d4 13. exd4 Qxd4 14. Qxd4 Nxd4 15. O-O-O Nb3+ 16. Kc2 Nc5 17. Nge2 Nd3 18. Nxe4 Nxe4 19. Rxd3 Nxf2 20. Rh4 Bf5 21. Nc1 Rad8 22. Kc3 Nxd3 23. Bxd3 Bxd3 24. Nxd3 Rfe8 25. Rh3 Re2 26. Rg3 Rde8 27. Rg5 f5 28. b4 R2e3 29.
Kd2 Re2+ 30. Kc3 Kf7 31. Nf4 R2e3+ 32. Kd2 R3e4 33. Nd3 Rxc4 34. Rg3 Rd8 35. Ke2 Re4+ 36. Kf1 b6 37. Rf3 Kf6 38. g3 g5 39. Nf2 Red4 40.
Rc3 Kg6 41. Rc6+ R4d6 42. Rc7 R8d7 43. Rc8 Kxh6 44. Rg8 Rd2 45. g4 Rxf2+ 46. Kxf2 fxg4 47. Kg3 Kh5 48. Ra8 h6 49. a4 Rd3+ 50. Kf2 Rd4 51. a5 Rxb4 52. a6 Kh4 53. Rxa7 Ra4 54. Ra8 h5 55. a7 Ra2+ 56. Ke3 g3 57. Rd8 Rxa7 58. Rd1 g4 59. Kf4 Rf7+ 60. Ke5 g2 61. Rg1 Kg3 62. Ke6 Rf1 0-1

[Event "Early-Titled-Tuesday-Blitz-October-03-2023"]
[Site "Chess.com"]
[Date "2023.10.03"]
[Round "8"]
[White "Rodalquilar"]
[Black "Likvidator228"]
[Result "0-1"]
[WhiteElo "2708"]
[BlackElo "2589"]
[TimeControl "180+1"]
[EndTime "9:30:35 PDT"]
[Termination "Likvidator228 won on time"]

1. d4 f5 2. Nf3 Nf6 3. g3 g6 4.
Bg2 Bg7 5. O-O O-O 6. Nbd2 d6 7. Re1 Nc6 8. e4 fxe4 9. Nxe4 Nxe4 10. Rxe4 Bf5 11. Re1 Bg4 12. c3 Kh8 13. h3 Bd7 14.
Qb3 Rb8 15. Ng5 Qe8 16. Ne6 Bxe6 17. Qxe6 Qf7 18. Bf4 Qxe6 19. Rxe6 Rf7 20. Rae1 Bf6 21. Bd5 Kg7 22. R6e4 Rff8 23. g4 e5 24. dxe5 Nxe5 25. g5 Nf3+ 26. Kf1 Nxg5 27. Re7+ Bxe7 28. Rxe7+ Nf7 29. Rxc7 Kf6 30. Be3 b6 31. Bd4+ Ne5 32. f4 g5 33. fxe5+ dxe5 34. Be3 Kg6+ 35. Ke2 h5 36.
Rc6+ Rf6 37. Be4+ Kg7 38. Rc7+ Rf7 39. Rxf7+ Kxf7 40. Bxg5 Ke6 41. h4 Rd8 42. Bf3 Rh8 43. Ke3 Kf5 44. Be4+ Kg4 45. Bd5 Rf8 46. Be6+ Kg3 47.
c4 Rf2 48. b4 Rxa2 49. Ke4 Re2+ 50. Kd5 e4 51. c5 bxc5 52. bxc5 e3 53. c6 Rd2+ 54. Ke4 Rc2 55. c7 e2 56. Bd2 Rxc7 57. Kd3 Re7 58. Be1+ Kg2 59. Bd5+ Kf1 60. Kd2 Rd7 0-1

[Event "Early-Titled-Tuesday-Blitz-October-03-2023"]
[Site "Chess.com"]
[Date "2023.10.03"]
[Round "8"]
[White "GMJustin"]
[Black "RianKapriaga"]
[Result "1/2-1/2"]
[WhiteElo "2209"]
[BlackElo "2332"]
[TimeControl "180+1"]
[EndTime "9:30:35 PDT"]
[Termination "Game drawn by stalemate"]

1. e4 d5 2. exd5 Qxd5 3. Nc3 Qd8 4. Bc4 Nf6 5. Nf3 Bf5 6. O-O e6 7. d3 c6 8. Qe2 Be7 9. a4 O-O 10. Ne5 Nbd7 11. f4 Qc7 12. Bd2 Nxe5 13. fxe5 Ng4 14. Bf4 Qb6+ 15. Kh1 Qxb2 16. Qd2 Bb4 17. Rab1 Qxc3 18.
Rxb4 Qxd2 19. Bxd2 Nxe5 20. Rxb7 Nxc4 21. dxc4 Bxc2 22.
Bb4 Bd3 23. Bxf8 Bxf1 24. Bc5 a6 25. Rc7 Bxc4 26. Rxc6 Bd5 27. Rb6 h5 28. Bd6 Kh7 29. Kg1 g5 30. a5 Kg6 31. Kf2 f5 32. g3 h4 33. gxh4 gxh4 34. Be5 Kg5 35. Ke3 Kg4 36.
Rb4+ Be4 37. Bc7 Rc8 38. Bd6 Rc3+ 39. Kd4 Rd3+ 40. Ke5 Kh3 41. Kxe6 Rxd6+ 42. Kxd6 Kxh2 43. Ke5 h3 44. Rb6 Bd3 45. Rd6 Bf1 46. Kxf5 Kg1 47.
Rg6+ Kf2 48. Rh6 Kg1 49. Ke5 h2 50. Kd4 h1=Q 51. Rxh1+ Kxh1 52. Kc3 Kg2 53. Kb2 Kf3 54. Ka1 Ke4 55. Kb1 Kd4 56. Ka1 Kc5 57. Kb1 Kb5 58.
Ka1 Kxa5 59. Kb1 Kb4 60. Ka1 Bc4 61. Kb1 Ka3 62. Ka1 Ba2 1/2-1/2

[Event "Early-Titled-Tuesday-Blitz-October-03-2023"]
[Site "Chess.com"]
[Date "2023.10.03"]
[Round "8"]
[White "Anton_Demchenko"]
[Black "vugarrasulov"]
[Result "1/2-1/2"]
[WhiteElo "2921"]
[BlackElo "2954"]
[TimeControl "180+1"]
[EndTime "9:30:37 PDT"]
[Termination "Game drawn - insufficient material"]

1. e4 c5 2. Nf3 Nc6 3. Bb5 e6 4.
Bxc6 bxc6 5. d3 Ne7 6. Nbd2 d6 7. e5 Ng6 8. exd6 Bxd6 9. Nc4 O-O 10. h4 e5 11. h5 Nf4 12. Bxf4 exf4 13. h6 Re8+ 14. Kf1 g6 15. Qd2 Be6 16. Re1 f6 17. Qc3 Bf8 18.
Nfd2 Qd4 19. Ne4 Qxc3 20. bxc3 Be7 21. Ned6 Bxd6 22. Nxd6 Re7 23. Ne4 Kf7 24. c4 Rb8 25.
Ke2 Bxc4 26. Kd2 Bd5 27. f3 Bxe4 28. fxe4 g5 29. Kc3 Kg6 30. g3 fxg3 31. Reg1 Rb4 32. Rxg3 Ra4 33. Kb3 Ra6 34. Rf3 Rb7+ 35. Kc4 Rxa2 36. Rh2 a5 37. Kxc5 a4 38. Kxc6 Rbb2 39. Rff2 a3 40. d4 Ra1 41. c4 Rxf2 42. Rxf2 a2 43. d5 Rc1 44. Rxa2 Rxc4+ 45. Kd7 Rxe4 46. d6 g4 47. Kc6 Rd4 48. d7 Kxh6 49. Ra4 Rxd7 50.
Kxd7 Kg5 51. Ke6 h5 52. Kd5 f5 53. Kd4 Kf4 54. Kd3+ Kf3 55. Ra5 f4 56. Rxh5 g3 57. Rg5 Kg2 58. Ke4 f3 59. Kf4 f2 60. Rxg3+ Kh2 61.
Rf3 Kg2 62. Ke3 f1=Q 63. Rxf1 Kxf1 1/2-1/2

[Event "Early-Titled-Tuesday-Blitz-October-03-2023"]
[Site "Chess.com"]
[Date "2023.10.03"]
[Round "8"]
[White "Vesper2018"]
[Black "LangesNasenhaar"]
[Result "1/2-1/2"]
[WhiteElo "2577"]
[BlackElo "2449"]
[TimeControl "180+1"]
[EndTime "9:30:38 PDT"]
[Termination "Game drawn by repetition"]

1. e4 g6 2. d4 Bg7 3. Nc3 c6 4. f4 d5 5. e5 h5 6. Nf3 Bg4 7. Be3 Nh6 8. Bf2 Nf5 9. Bd3 e6 10. h3 Bxf3 11. Qxf3 h4 12. Ne2 Bf8 13. a4 Be7 14. a5 Nd7 15. c4 Kf8 16. O-O Kg7 17. Nc3 a6 18. c5 Qg8 19. Ne2 Qh7 20. Be1 Qh5 21. Qxh5 Rxh5 22. Kf2 Kf8 23. Ra3 Ke8 24. Rb3 Ra7 25. Kf3 Kd8 26. Bf2 Kc7 27. Rh1 Ra8 28.
g4 hxg3 29. Nxg3 Nh4+ 30. Ke3 Rh7 31. Be2 Rah8 32. Bg4 Nf5+ 33. Kf3 Bd8 34. Rd3 Kc8 35.
b4 Kc7 36. Rb3 f6 37. Rd3 Nh4+ 38. Ke2 f5 39. Bf3 Nxf3 40. Kxf3 Rxh3 41. Rxh3 Rxh3 42. Kg2 Rh7 43. Rd1 g5 44. Be3 gxf4 45. Bxf4 Nf8 46.
Kf3 Ng6 47. Rg1 Rh3 48. Rg2 Bh4 49. Rg1 Nxf4 50. Kxf4 Bxg3+ 51. Rxg3 Rxg3 52. Kxg3 Kd7 53. Kh4 Ke7 54. Kh5 Kf7 55. Kg5 Kg7 56. Kh5 f4 57. Kg4 Kg6 58. Kxf4 Kh5 59. Kf3 Kg5 60. Kg3 Kf5 61.
Kf3 Kg5 62. Kg3 Kf5 63. Kf3 Kg5 1/2-1/2

[Event "Early-Titled-Tuesday-Blitz-October-03-2023"]
[Site "Chess.com"]
[Date "2023.10.03"]
[Round "8"]
[White "Kotofeyca"]
[Black "Herzog2012"]
[Result "1-0"]
[WhiteElo "2417"]
[BlackElo "2505"]
[TimeControl "180+1"]
[EndTime "9:30:39 PDT"]
[Termination "Kotofeyca won on time"]

1. d4 Nf6 2. c4 e6 3. Nf3 b6 4. g3 Ba6 5. Qa4 Bb7 6. Bg2 Be7 7. Nc3 O-O 8. O-O d5 9. cxd5 exd5 10.
Bf4 a6 11. Rfd1 Nbd7 12. Ne5 b5 13. Qc2 Bd6 14. Nxd7 Qxd7 15. Bxd6 Qxd6 16. e3 Rfe8 17. Rac1 Rac8 18. Ne2 Ne4 19. Nf4 c5 20. dxc5 Rxc5 21.
Qd3 Qf6 22. Rxc5 Nxc5 23. Nxd5 Qxb2 24. Ne7+ Kf8 25. Qd6 Qf6 26. Qxc5 Qxe7 27. Qxe7+ Kxe7 28. Bxb7 a5 29. Bc6 Rb8 30. Rd5 a4 31. Rxb5 Rc8 32.
Rb7+ Kf6 33. Bxa4 Rc1+ 34. Kg2 Kg6 35. Bb3 f6 36. h4 Kh6 37. Kf3 Rb1 38. Rb5 g6 39. a4 Ra1 40. a5 f5 41. Bc4 Kh5 42.
Be2 Kh6 43. Rc5 Ra3 44. a6 Kg7 45. Rc7+ Kh6 46. a7 g5 47. hxg5+ Kxg5 48. Rxh7 Kg6 49.
Rc7 Kg5 50. Bc4 f4 51. gxf4+ Kh6 52. Bd5 Kg6 53. a8=Q Rxa8 54. Bxa8 Kf6 55. Rc6+ Kf7 56. f5 Ke7 57. e4 Kd7 58. e5 Ke7 59. f6+ Kf7 60.
Kf4 Kg6 61. Rc7 Kh5 62. Rg7 Kh6 63. Rg3 Kh7 64. f7 1-0

[Event "Early-Titled-Tuesday-Blitz-October-03-2023"]
[Site "Chess.com"]
[Date "2023.10.03"]
[Round "8"]
[White "Sergey85Rodchenkov"]
[Black "wqws"]
[Result "0-1"]
[WhiteElo "2520"]
[BlackElo "2664"]
[TimeControl "180+1"]
[EndTime "9:30:41 PDT"]
[Termination "wqws won by resignation"]

1. e4 c5 2. Nf3 d6 3. d4 cxd4 4.
Nxd4 Nf6 5. Nc3 a6 6. Be3 e5 7. Nb3 Be6 8. f3 h5 9. Qd2 Nbd7 10.
Be2 Be7 11. Nd5 Bxd5 12. exd5 O-O 13. Na5 Qc7 14. O-O Bd8 15. b4 Qb8 16. c4 Bb6 17.
Rac1 Bxe3+ 18. Qxe3 Rc8 19. Rfd1 Qa7 20. Qxa7 Rxa7 21.
c5 dxc5 22. Nxb7 Rb8 23. bxc5 Raxb7 24. c6 Rc7 25. Bxa6 Nxd5 26. Rxd5 Nf8 27. a4 Ne6 28. Rd7 Rb2 29. Bb5 h4 30. Rcd1 Rc2 31. R7d2 Rc3 32. Rd3 Rc5 33. Rd5 Rc2 34. Rxe5 Nf4 35. g3 hxg3 36.
hxg3 Nh3+ 37. Kf1 Rf2+ 38. Ke1 Rxf3 39. Rd7 Rc8 40. c7 Kh7 41. Ree7 Rc3 42. Kd2 Rxg3 43. Rxf7 Kh6 44. Rd8 Rxc7 45. Rxc7 Ng5 46. Rd6+ Kh5 47. Rc5 Kh4 48. Be2 Ne4+ 49. Ke1 Nxd6 50. Rd5 Ne4 51. Rd4 Re3 52. a5 Kg5 53. a6 Ng3 54. Ra4 Rxe2+ 55.
Kd1 Re8 56. a7 Ra8 57. Kd2 Nf5 58. Ra5 Kf4 59. Kc3 g5 60. Kb4 g4 61. Kc5 g3 62.
Kb6 Nd6 63. Kc7 Rxa7+ 64. Rxa7 Nb5+ 65. Kb6 Nxa7 66. Kxa7 g2 0-1

[Event "Early-Titled-Tuesday-Blitz-October-03-2023"]
[Site "Chess.com"]
[Date "2023.10.03"]
[Round "8"]
[White "C_K_G"]
[Black "Tsyhanchuk_Stanislav"]
[Result "0-1"]
[WhiteElo "1902"]
[BlackElo "2443"]
[TimeControl "180+1"]
[EndTime "9:30:41 PDT"]
[Termination "Tsyhanchuk_Stanislav won on time"]

1. e4 c5 2. Nf3 d6 3. d4 cxd4 4. Nxd4 Nf6 5. Nc3 a6 6. Be2 e5 7. Nb3 Be7 8. Be3 O-O 9. O-O b5 10. Nd5 Bb7 11. Nxe7+ Qxe7 12. f3 Nbd7 13. Na5 Nc5 14.
Qd2 Rfd8 15. Rad1 Ne6 16. Qb4 Ne8 17. c4 Qc7 18. cxb5 axb5 19. Nxb7 Qxb7 20. a3 d5 21. exd5 Rxd5 22. Rxd5 Qxd5 23. Qxb5 Qd8 24. Qxe5 Nf6 25.
Bc4 Ra5 26. Qc3 Rh5 27. Bxe6 fxe6 28. Bd4 Qd6 29. g3 Nd5 30. Qc5 Qd7 31. Rc1 Kf7 32.
Qc6 Qxc6 33. Rxc6 Rh6 34. b4 Ne7 35. Rc7 Ke8 36. Bxg7 Rg6 37. Be5 h5 38. Ra7 Nd5 39. b5 h4 40. Ra6 Kd7 41. b6 Kc6 42. a4 Kb7 43. Ra7+ Kxb6 44. Rd7 Kc6 45. Rd6+ Kc5 46. Kf2 hxg3+ 47. hxg3 Nb4 48. Rd1 Kc4 49. Ke3 Nd5+ 50. Kf2 Rg8 51. Rc1+ Kb4 52. Ra1 Ra8 53. Bd6+ Ka5 54.
f4 Rc8 55. Kf3 Rc3+ 56. Ke4 Rxg3 0-1

[Event "Early-Titled-Tuesday-Blitz-October-03-2023"]
[Site "Chess.com"]
[Date "2023.10.03"]
[Round "8"]
[White "SashaKuzhilniy"]
[Black "GaiozNigalidze"]
[Result "1-0"]
[WhiteElo "2640"]
[BlackElo "2741"]
[TimeControl "180+1"]
[EndTime "9:30:46 PDT"]
[Termination "SashaKuzhilniy won by resignation"]

1. b3 e5 2. Bb2 Nc6 3. c4 g6 4.
e3 Bg7 5. Nf3 Nge7 6. d4 exd4 7.
Nxd4 O-O 8. Nxc6 bxc6 9. Bxg7 Kxg7 10. Nc3 d5 11. Be2 Be6 12. Qd4+ f6 13. O-O dxc4 14.
Bxc4 Qxd4 15. exd4 Bxc4 16. bxc4 Rad8 17. Rfd1 Nf5 18. d5 cxd5 19. cxd5 Rb8 20. Rab1 Nd6 21. Kf1 Kf7 22. a4 Ke7 23. Ke2 Kd7 24. Kd3 Rb6 25.
a5 Ra6 26. Ra1 Rb8 27. Ra4 Rb2 28. Rd2 Rxd2+ 29. Kxd2 Nb7 30. Ne4 f5 31. Ng5 Nc5 32. Ra3 Kd6 33. Nxh7 Kxd5 34. Ke3 Ke5 35. f4+ Kd5 36.
h3 Re6+ 37. Kf3 Kc4 38. g4 Kb4 39. Ra2 Nb3 40. Ng5 Rd6 41. gxf5 gxf5 42. Ke3 c5 43. Nf3 c4 44. Ne5 Rd1 45. Rc2 c3 46. Nd3+ Ka4 47. Rxc3 Rh1 48. Nc5+ Nxc5 49. Rxc5 Rxh3+ 50. Kd4 Rh5 51. Ke5 Kb4 52. Rd5 a6 53. Kf6 Rh8 54. Rxf5 Rf8+ 55.
Kg5 Rg8+ 56. Kh6 Kc4 57. Rg5 Rf8 58. f5 Kd5 59. Kg7 Rc8 60. f6+ Ke6 61. f7 Rc7 62.
Rg6+ Ke5 63. Rxa6 1-0

[Event "Early-Titled-Tuesday-Blitz-October-03-2023"]
[Site "Chess.com"]
[Date "2023.10.03"]
[Round "8"]
[White "AlexPapasimakopoulos"]
[Black "Elsa167"]
[Result "0-1"]
[WhiteElo "2706"]
[BlackElo "2908"]
[TimeControl "180+1"]
[EndTime "9:30:47 PDT"]
[Termination "Elsa167 won by checkmate"]

1. Nf3 Nf6 2. b3 g6 3. Bb2 Bg7 4. g3 O-O 5. Bg2 d6 6. d4 a5 7.
c4 a4 8. Nc3 a3 9. Bc1 c6 10.
O-O Qa5 11. Bd2 Qa7 12. h3 Bf5 13. Re1 Ne4 14. Nxe4 Bxe4 15. e3 Nd7 16. Bc3 b5 17.
Nd2 Bxg2 18. Kxg2 Qb7 19. Qf3 b4 20. Bxb4 Qxb4 21. Qxc6 Nf6 22. Ne4 Nxe4 23. Qxe4 e6 24. Red1 d5 25. Qd3 dxc4 26. bxc4 Rac8 27. Rdc1 e5 28.
Rab1 Qa5 29. d5 e4 30. Qxe4 Bb2 31. Rc2 Qc5 32. Rd1 Rfe8 33. Qd3 Rc7 34. h4 h5 35. Qb3 Qd6 36. Qb5 Rec8 37. Qb3 Rc5 38. e4 Qa6 39. Qd3 Qa4 40. d6 Qd7 41. f4 Kg7 42. e5 Qe6 43. Kh2 R5c6 44. c5 Kg8 45.
Rc4 Qd7 46. Rd2 Rxc5 47. Rxc5 Rxc5 48. Qb3 Rc8 49. Qd5 Kf8 50. Re2 Qe6 51. Qe4 Rc4 52.
Qa8+ Rc8 53. Qe4 Rd8 54. Qb1 Rxd6 55. Rc2 Rd8 56. Qe1 Qxa2 57. Qe4 Qd5 58. Qb4+ Kg8 59. Re2 Qe6 60. Qb6 Qxb6 61. e6 Qxe6 62. Rxe6 fxe6 63. f5 Rd2+ 64. Kh3 exf5 65. g4 fxg4+ 66. Kg3 Be5# 0-1

[Event "Early-Titled-Tuesday-Blitz-October-03-2023"]
[Site "Chess.com"]
[Date "2023.10.03"]
[Round "8"]
[White "Predator0608"]
[Black "FMVolodymyrSakun"]
[Result "1-0"]
[WhiteElo "2496"]
[BlackElo "2630"]
[TimeControl "180+1"]
[EndTime "9:30:47 PDT"]
[Termination "Predator0608 won by resignation"]

1. e4 e5 2. Nf3 Nc6 3. Bc4 Bc5 4. c3 Nf6 5. d3 d6 6. Nbd2 h6 7. Nf1 Be6 8. Bb3 d5 9. Qe2 dxe4 10. dxe4 Qe7 11.
Ng3 O-O 12. O-O Bb6 13. Nh4 Rfd8 14. Ngf5 Qf8 15. Qf3 Nh7 16. Qg3 Bxf5 17. Nxf5 Kh8 18. Qh4 Rd7 19. Be3 Ne7 20. Qg4 Nxf5 21. Qxf5 Qe7 22.
Bxb6 axb6 23. Rad1 Rad8 24. Rxd7 Rxd7 25. Rb1 g6 26.
Qf3 Kg7 27. Kf1 Ng5 28. Qe2 Ne6 29. Rd1 Nf4 30. Qc2 Rd6 31. g3 Ne6 32. Ke2 Nc5 33. Rxd6 Qxd6 34. Bc4 c6 35. b4 Nd7 36. Qb3 Qe7 37.
a4 Nf6 38. f3 h5 39. a5 b5 40. Bd3 h4 41. Qb1 Nh5 42. g4 Nf4+ 43. Kf2 Qd6 44. Ke3 c5 45. Be2 Ng2+ 46. Kf2 Qd2 47. Qd3 Qxd3 48. Bxd3 Nf4 49. Bxb5 cxb4 50. cxb4 Kf6 51.
Bc4 Ke7 52. Ke3 g5 53. Bd5 Kd6 54. Bxb7 Kc7 55. Bd5 f6 56. Kd2 Ng6 57. Kc3 Ne7 58.
b5 Kb8 59. Kc4 Nc8 60. Kc5 Ne7 61. b6 Nc8 62. a6 Na7 63. bxa7+ Kxa7 64. Kb5 1-0